 Dungeon Crawl Stone Soup version 0.18-a0-1160-geb89fc2 (webtiles) character file.

7385 poirepourri the Cleaver (level 10, -4/80 HPs)
             Began as a Demonspawn Berserker on Jan 25, 2016.
             Was an Elder of Trog.
             Slain by a gnoll sergeant
             ... wielding a +0 spear
              (5 damage)
             ... on level 9 of the Dungeon.
             The game lasted 00:20:29 (13154 turns).

poirepourri the Cleaver (Demonspawn Berserker)     Turns: 13154, Time: 00:20:29

Health: -4/80      AC: 22    Str: 25    XL:     10   Next: 92%
Magic:  10/10      EV: 13    Int: 12    God:    Trog [****..]
Gold:   147        SH:  4    Dex: 12    Spells: 0 memorised, 9 levels left

rFire  + + +     SeeInvis .     k - +1 war axe
rCold  x . .     Gourm    .     A - +0 scale mail
rNeg   . . .     Faith    .     v - +0 buckler "Xyxin" {-Cast rF++ rCorr Int+2}
rPois  .         Spirit   .     w - +1 helmet
rElec  +         Dismiss  .     C - +0 cloak
rCorr  +         Reflect  .     H - +0 pair of gloves
SustAt .         Harm     .     E - +2 pair of boots "Bepunil" {rElec}
MR     .....     NoCast   +     (no amulet)
Stlth  ..........               B - +3 ring of protection
                                n - ring of fire

@: mighty, very slightly contaminated, invisible, not resistant to hostile
enchantments, extremely unstealthy
A: talons 2, slimy green scales 2, powered by pain 2
a: Berserk, Trog's Hand, Brothers in Arms, Burn Spellbooks, Renounce Religion


You were on level 9 of the Dungeon.
You worshipped Trog.
Trog was greatly pleased with you.
You were not hungry.

You visited 1 branch of the dungeon, and saw 9 of its levels.

You collected 394 gold pieces.
You spent 247 gold pieces at shops.

Inventory:

Hand Weapons
 a - a +0 hand axe
 k - a +1 war axe (weapon)
Armour
 b - a +0 animal skin
 e - a +0 shield
 j - a +0 leather armour
 s - a +0 ring mail
 v - the +0 buckler "Xyxin" (worn) {-Cast rF++ rCorr Int+2}
   (You bought it in a shop on level 6 of the Dungeon)

   It affects your intelligence (+2).
   It greatly protects you from fire.
   It prevents spellcasting.
   It protects you from acid and corrosion.
 w - a +1 helmet (worn)
 A - a +0 scale mail (worn)
 C - a +0 cloak (worn)
 D - a +0 pair of boots
 E - the +2 pair of boots "Bepunil" (worn) {rElec}
   (You found it on level 9 of the Dungeon)

   It insulates you from electricity.
 H - a +0 pair of gloves (worn)
Jewellery
 h - a cursed ring of teleportation
 n - a ring of fire (left hand)
 o - a -2 ring of intelligence
 B - a +3 ring of protection (right hand)
Wands
 l - a wand of digging (1/24)
 u - a wand of lightning (7/15)
 y - a wand of cold (9/15)
Scrolls
 d - 3 scrolls of identify
 g - 6 scrolls of amnesia
 m - 2 scrolls of fog
 q - 6 scrolls of remove curse
Potions
 f - a potion of brilliance
 i - a potion of lignification
Comestibles
 r - 4 bread rations
 x - 3 beef jerkies
 z - a royal jelly


   Skills:
 + Level 8.0 Fighting
 + Level 8.7 Axes
 + Level 7.8 Armour
 + Level 7.8 Dodging
 + Level 1.4 Stealth
 + Level 2.3 Shields
 + Level 0.1 Unarmed Combat


You had 9 spell levels left.
You didn't know any spells.

Dungeon Overview and Level Annotations

Branches:
Dungeon (9/15)             Temple (0/1) D:6             Orc (0/2) D:9
   Lair: D:8-11

Altars:
Ashenzari
Dithmenos
Makhleb
Okawaru
Pakellas
Qazlal
Ru
Sif Muna
Trog
Xom
Yredelemnul
The Shining One

Shops:
D:6 [


Innate Abilities, Weirdness & Mutations

You have razor-sharp toenails.
You are mostly covered in slimy green scales (AC +3).
You sometimes gain power by taking damage.


Message History

You kill the big kobold!
Trog accepts your kill.
You flicker back into view.
You hit the orc warrior.
The orc warrior is lightly wounded.
You feel less woody.
Your +0 cloak unmelds from your body.
Your +1 helmet unmelds from your body.
Your +0 pair of gloves unmelds from your body.
The +2 pair of boots "Bepunil" {rElec} unmelds from your body.
Your +0 scale mail unmelds from your body.
The orc warrior barely misses you.
The gnoll sergeant hits you from afar with a spear.
* * * LOW HITPOINT WARNING * * *
Drink which item? (? for menu, Esc to quit)
You fade into invisibility!
You feel less exhausted. The orc warrior barely misses you.
The gnoll sergeant hits you but does no damage.
You fail to use your ability.
The gnoll sergeant hits you from afar with a spear.
You die...

.......# #.>#.#.ogo.#
#####.#####..#gOK.oog# #
#.###..÷.#(# ### #..^.....#o#
..#######.#.##.## ###
......###.#...go###.####
#.#.#.##...#..#OT(.....##
#.......[...#.#####†....#
#.#.#.##...#..go@)......#####.
#.........##.########.........
############.# ##..##### #.#
#..###### #.# #........ #.#
#.####### #.#### #.# #....#
#.# ####.# #.#


You could see an orc warrior and a gnoll sergeant.

Vanquished Creatures
  Erolcha (D:8)
  The ghost of poirepourri the Thaumaturge, a novice DEFE of Vehumet (D:8)
  3 trolls
  Sigmund (D:5)
  5 yaks (D:9)
  Duvessa (D:6)
  4 orc warriors (D:9)
  3 sky beasts
  5 phantoms (D:6)
  6 ogres
  5 centaurs
  3 big kobolds (D:9)
  2 gnoll sergeants
  5 giant frogs
  Dowan (D:6)
  12 killer bees
  3 jellies
  5 crimson imps
  2 giant frog zombies
  2 hounds
  4 orc priests
  5 orc wizards
  A giant frog skeleton (D:8)
  2 iguanas
  Natasha (thrice) (D:3)
  7 worker ants
  3 hound skeletons
  A mummy (D:7)
  A worker ant zombie (D:8)
  10 gnolls
  5 adders
  4 shadow imps
  An ooze (D:5)
  An adder zombie (D:8)
  2 worms
  4 giant geckos
  20 orcs
  14 bats
  4 giant cockroaches
  4 goblins
  2 hobgoblins
  5 jackals
  8 quokkas
  2 ball pythons
  A giant gecko zombie (D:5)
  6 giant newts
  A goblin zombie (D:7)
  A hobgoblin zombie (D:7)
  2 kobolds
  A quokka skeleton (D:6)
  2 rats
197 creatures vanquished.

Vanquished Creatures (collateral kills)
  A troll (D:9)
1 creature vanquished.

Grand Total: 198 creatures vanquished

Notes
Turn   | Place    | Note
--------------------------------------------------------------
     0 | D:1      | poirepourri the Demonspawn Berserker began the quest for the Orb.
     0 | D:1      | Reached XP level 1. HP: 18/18 MP: 1/1
   324 | D:1      | Gained mutation: You are partially covered in slimy green scales (AC +2). [demonic ancestry]
   324 | D:1      | Reached XP level 2. HP: 17/24 MP: 2/2
  1486 | D:2      | Found an iron altar of Okawaru.
  1510 | D:2      | Gained mutation: You sometimes gain a little power by taking damage. [demonic ancestry]
  1510 | D:2      | Reached XP level 3. HP: 29/29 MP: 3/3
  2317 | D:3      | Reached ** piety under Trog
  2458 | D:3      | Noticed Natasha
  2466 | D:3      | Killed Natasha
  2466 | D:3      | Gained mutation: You sometimes gain power by taking damage. [demonic ancestry]
  2466 | D:3      | Reached XP level 4. HP: 34/37 MP: 4/4
  2531 | D:3      | Noticed Natasha
  2541 | D:3      | Killed Natasha
  2541 | D:3      | Reached skill level 4 in Fighting
  2743 | D:3      | Found a glowing golden altar of the Shining One.
  2744 | D:3      | Noticed Natasha
  2753 | D:3      | Killed Natasha
  2813 | D:3      | Reached XP level 5. HP: 34/42 MP: 5/5
  3704 | D:4      | Noticed a sky beast
  3723 | D:4      | Gained mutation: You have sharp toenails. [demonic ancestry]
  3723 | D:4      | Reached XP level 6. HP: 22/49 MP: 6/6
  3726 | D:4      | Killed a sky beast
  4307 | D:4      | Gained mutation: You have razor-sharp toenails. [demonic ancestry]
  4307 | D:4      | Reached XP level 7. HP: 49/55 MP: 7/7
  5191 | D:5      | Entered Level 5 of the Dungeon
  5472 | D:5      | Found a sacrificial altar of Ru.
  5559 | D:5      | Reached skill level 5 in Fighting
  5872 | D:5      | Found a stormy altar of Qazlal.
  5872 | D:5      | Found a basalt altar of Yredelemnul.
  5872 | D:5      | Found a shimmering altar of Xom.
  5875 | D:5      | Found a shadowy altar of Dithmenos.
  5876 | D:5      | Found a bloodstained altar of Trog.
  5877 | D:5      | Found a shattered altar of Ashenzari.
  5948 | D:5      | Reached skill level 1 in Stealth
  6183 | D:5      | Noticed Sigmund
  6238 | D:5      | Killed Sigmund
  6238 | D:5      | Gained mutation: You are mostly covered in slimy green scales (AC +3). [demonic ancestry]
  6238 | D:5      | Reached XP level 8. HP: 26/62 MP: 8/8
  6558 | D:5      | Reached skill level 5 in Dodging
  6774 | D:5      | Reached skill level 5 in Axes
  6996 | D:6      | Noticed Duvessa
  6996 | D:6      | Noticed Dowan
  7008 | D:6      | Killed Duvessa
  7008 | D:6      | Reached *** piety under Trog
  7008 | D:6      | Killed Dowan
  7008 | D:6      | Reached skill level 5 in Armour
  7044 | D:6      | Found a shimmering altar of Xom.
  7893 | D:6      | Reached skill level 6 in Axes
  8076 | D:6      | Found Cunk's Antique Armour Emporium.
  8082 | D:6      | Bought a spiked buckler for 247 gold pieces
  8087 | D:6      | Identified the cursed +0 buckler "Xyxin" {-Cast rF++ rCorr Int+2} (You bought it in a shop on level 6 of the Dungeon)
  8093 | D:6      | Reached XP level 9. HP: 56/69 MP: 9/9
  8099 | D:6      | Found a staircase to the Ecumenical Temple.
 10091 | D:7      | Found an iron altar of Okawaru.
 10541 | D:7      | Found a deep blue altar of Sif Muna.
 10541 | D:7      | Found an oddly glowing altar of Pakellas.
 10738 | D:8      | Noticed Erolcha
 10761 | D:8      | Killed Erolcha
 10761 | D:8      | Reached skill level 7 in Axes
 10761 | D:8      | Reached skill level 1 in Shields
 10998 | D:8      | Found a burning altar of Makhleb.
 11512 | D:8      | Noticed poirepourri's ghost (novice DEFE)
 11521 | D:8      | Killed poirepourri's ghost
 11521 | D:8      | Reached XP level 10. HP: 79/79 MP: 10/10
 11709 | D:8      | Reached **** piety under Trog
 11740 | D:8      | Received a gift from Trog
 12181 | D:8      | Found an oddly glowing altar of Pakellas.
 12761 | D:9      | Reached skill level 8 in Axes
 12788 | D:9      | Got a pair of ancient boots
 12799 | D:9      | Identified the +2 pair of boots "Bepunil" {rElec} (You found it on level 9 of the Dungeon)
 13062 | D:9      | Found a staircase to the Orcish Mines.
 13116 | D:9      | Gained mutation: You expend magic power (3 MP) to strengthen your wands. [potion of mutation]
 13116 | D:9      | Gained mutation: Your movements are slightly less encumbered by armour (ER -2). [potion of mutation]
 13117 | D:9      | Lost mutation: You expend magic power (3 MP) to strengthen your wands. [potion of cure mutation]
 13117 | D:9      | Lost mutation: Your movements are slightly less encumbered by armour (ER -2). [potion of cure mutation]
 13152 | D:9      | HP: 1/80 [gnoll sergeant/spear (5)]
 13154 | D:9      | Slain by a gnoll sergeant

Vault maps used:
D:1:      zaba_arrival_water
D:2:      okawaru_metal_pillars_1_2
D:3:      tso_oasis_becter, uniq_natasha
D:4:      first_bread
D:5:      minitemple, roderic_batcave, uniq_sigmund
D:6:      minmay_temple_entry_hall, serial_shops, nicolae_shop_trees,
          basic_altar, uniq_duvessa
D:7:      lemuel_round_altar, gammafunk_temple_overflow_wave,
          nicolae_ossuary_entry_giza, ldierk_geyser, grunt_ogre_cave
D:8:      lightli_temple_of_fire, johnstein_pakellas_dig, uniq_erolcha
D:9:      grunt_temple_overflow_growth_and_decay,
          kennysheep_orc_monster_closet_entryway

Action                   |  1- 3 |  4- 6 |  7- 9 | 10-12 || total
-------------------------+-------+-------+-------+-------++-------
Melee: Hand axe          |    53 |       |       |       ||    53
       War axe           |    52 |   103 |   503 |   244 ||   902
       Unarmed           |       |       |    24 |       ||    24
Invok: Berserk           |     1 |     2 |     6 |     3 ||    12
       Trog's Hand       |       |     2 |     4 |     3 ||     9
       Burn Spellbooks   |       |       |     2 |       ||     2
       Brothers in Arms  |       |       |       |     1 ||     1
  Use: Scroll            |     6 |     5 |    14 |     1 ||    26
       Potion            |       |     2 |     2 |    11 ||    15
 Stab: Invisible         |       |       |       |     4 ||     4
  Eat: Bread ration      |     1 |     1 |     3 |       ||     5
       Pizza             |     1 |       |     2 |       ||     3
       Meat ration       |       |     1 |     1 |     1 ||     3
       Fruit             |       |     1 |     3 |       ||     4
       Royal jelly       |       |       |     1 |     1 ||     2
       Beef jerky        |       |       |     3 |     1 ||     4
